General information
- name: BNet
- type: Ladder team game (AT/RT)
- host: Battle.net
- saver: miguelitito
map: Moonglade
- players: 4
- length: 18:12
- speed: Fast
- version: 1.26 W3XP
- replay type: Public
» download(78 KB)
Players
team 1 (winner)
AssAssine2608 (
yellow | 52 APM | 833 actions | 15:54)
4 Demon Hunter
2 Mana Burn
2 Evasion
» actions
| Assign group hotkey | 6 | |
| Basic commands | 58 | |
| Build / train | 41 | |
| Enter build submenu | 15 | |
| Enter hero's abilities submenu | 4 | |
| Right click | 428 | |
| Select / deselect | 220 | |
| Select group hotkey | 23 | |
| Use ability | 38 | |
833 total
» units
| Wisp | 13 | |
| Archer | 10 | |
| Huntress | 2 | |
| Glaive Thrower | 5 | |
30 total
» upgrades
| Improved Bows | 1 | |
| Strength of the Moon | 1 | |
| Moon Armor | 1 | |
3 total
» buildings
| Altar of Elders | 1 | |
| Moon Well | 6 | |
| Ancient of War | 3 | |
| Ancient of Wonders | 1 | |
| Hunter's Hall | 1 | |
| Tree of Ages | 1 | |
| Tree of Life | 1 | |
| Ancient of Wind | 1 | |
15 total
» build order
00:13 Altar of Elders
00:21 Moon Well
00:51 Ancient of War
01:28 Moon Well
02:02 Ancient of Wonders
02:30 Moon Well
02:46 Hunter's Hall
04:52 Ancient of War
06:05 Moon Well
06:07 Moon Well
06:08 Tree of Ages
10:46 Ancient of War
10:50 Moon Well
13:54 Tree of Life
14:42 Ancient of Wind
» items
| Potion of Healing | 1 | |
| Lesser Clarity Potion | 1 | |
2 total
miguelitito (
pink | 60 APM | 1090 actions | 18:12)
4 Shadow Hunter
1 Serpent Ward
1 Healing Wave
2 Hex
3 Blademaster
2 Wind Walk
1 Critical Strike
» actions
| Assign group hotkey | 34 | |
| Basic commands | 2 | |
| Build / train | 79 | |
| Enter build submenu | 26 | |
| Enter hero's abilities submenu | 7 | |
| Give item / drop item | 1 | |
| Right click | 565 | |
| Select / deselect | 231 | |
| Select group hotkey | 62 | |
| Use ability | 83 | |
1090 total
» units
| Peon | 12 | |
| Grunt | 11 | |
| Troll Headhunter/Berserker | 14 | |
| Troll Batrider | 7 | |
44 total
» upgrades
| Troll Regeneration | 1 | |
| Ranged Weapons | 1 | |
| Armor | 1 | |
3 total
» buildings
| Altar of Storms | 2 | |
| Orc Burrow | 6 | |
| Barracks | 1 | |
| Voodoo Lounge | 2 | |
| War Mill | 1 | |
| Stronghold | 1 | |
| Watch Tower | 10 | |
| Beastiary | 1 | |
24 total
» build order
00:18 Altar of Storms
00:19 Orc Burrow
00:23 Altar of Storms
01:05 Barracks
01:33 Orc Burrow
02:16 Voodoo Lounge
03:34 Orc Burrow
04:13 Orc Burrow
04:30 Orc Burrow
05:52 Orc Burrow
05:56 War Mill
06:36 Voodoo Lounge
06:48 Stronghold
07:35 Watch Tower
07:50 Watch Tower
08:17 Watch Tower
09:07 Watch Tower
09:29 Watch Tower
09:42 Watch Tower
10:48 Watch Tower
11:03 Beastiary
12:09 Watch Tower
14:38 Watch Tower
17:35 Watch Tower
» items
| Healing Salve | 3 | |
| Scroll of Speed | 4 | |
| Lesser Clarity Potion | 11 | |
| Potion of Mana | 1 | |
19 total
team 2 (loser)
4k.Grubby9 (
purple | 72 APM | 933 actions | 12:58)
2 Blademaster
1 Wind Walk
1 Critical Strike
» actions
| Assign group hotkey | 5 | |
| Basic commands | 54 | |
| Build / train | 35 | |
| Enter build submenu | 13 | |
| Enter hero's abilities submenu | 2 | |
| Remove unit from queue | 3 | |
| Right click | 503 | |
| Select / deselect | 147 | |
| Select group hotkey | 131 | |
| Use ability | 40 | |
933 total
» units
» upgrades
» buildings
| Altar of Storms | 1 | |
| Orc Burrow | 2 | |
| War Mill | 1 | |
| Barracks | 1 | |
| Watch Tower | 5 | |
| Voodoo Lounge | 1 | |
| Stronghold | 3 | |
14 total
» build order
00:39 Altar of Storms
01:00 Orc Burrow
01:36 War Mill
02:20 Barracks
02:59 Watch Tower
03:09 Voodoo Lounge
03:25 Orc Burrow
03:46 Watch Tower
03:55 Watch Tower
05:03 Watch Tower
05:06 Watch Tower
08:05 Stronghold
08:06 Stronghold
» items
| Healing Salve | 1 | |
| Potion of Healing | 2 | |
| Scroll of Regeneration | 2 | |
| Lesser Clarity Potion | 2 | |
7 total
RRG (
red | 91 APM | 1451 actions | 15:53)
3 Archmage
2 Summon Water Elemental
1 Brilliance Aura
2 Paladin
1 Holy Light
1 Divine Shield
» actions
| Build / train | 83 | |
| Enter build submenu | 21 | |
| Enter hero's abilities submenu | 5 | |
| Right click | 929 | |
| Select / deselect | 298 | |
| Use ability | 115 | |
1451 total
» units
| Peasant | 11 | |
| Footman | 15 | |
| Priest | 8 | |
| Dragonhawk Rider | 1 | |
| Gryphon Rider | 4 | |
| Sorceress | 2 | |
| Knight | 3 | |
44 total
» upgrades
| Masonry | 1 | |
| Storm Hammers | 1 | |
| Swords | 2 | |
| Priest Training | 1 | |
| Animal War Training | 1 | |
6 total
» buildings
| Altar of Kings | 1 | |
| Barracks | 1 | |
| Farm | 9 | |
| Lumber Mill | 2 | |
| Scout Tower | 3 | |
| Arcane Tower | 2 | |
| Guard Tower | 2 | |
| Keep | 5 | |
| Arcane Vault | 1 | |
| Gryphon Aviary | 1 | |
| Castle | 4 | |
| Arcane Sanctum | 1 | |
| Blacksmith | 1 | |
33 total
» build order
00:08 Altar of Kings
00:21 Barracks
00:37 Farm
00:51 Farm
01:13 Lumber Mill
01:18 Lumber Mill
01:31 Scout Tower
01:48 Farm
02:02 Scout Tower
02:06 Arcane Tower
02:06 Arcane Tower
02:38 Guard Tower
02:56 Keep
02:56 Keep
02:56 Keep
02:57 Keep
03:24 Farm
03:28 Farm
03:33 Scout Tower
04:03 Guard Tower
04:38 Farm
04:50 Arcane Vault
06:06 Gryphon Aviary
06:46 Castle
06:46 Castle
06:46 Castle
06:58 Arcane Sanctum
07:33 Farm
11:39 Blacksmith
12:59 Farm
14:40 Farm
» items
| Healing Salve | 1 | |
| Scroll of Town Portal | 1 | |
2 total
Chat log
(00:18 / Allies) AssAssine2608: hi hero units?
(00:32 / Allies) miguelitito: shadow hunter
(00:40 / Allies) AssAssine2608: omg
(00:44 / Allies) miguelitito: omg what
(00:48 / Allies) AssAssine2608: sucks
(00:56 / Allies) AssAssine2608: at first hero
(01:00 / Allies) miguelitito: bm is for noobs play your way ill do the same
(01:09 / Allies) AssAssine2608: god i hate spanish ppl
(01:44 / Allies) miguelitito: may ill rush
(01:54 / Allies) AssAssine2608: without shop
(01:55 / Allies) AssAssine2608: yea
(05:39 / All) 4k.Grubby9: ALLY NOOB GG
(05:44 / All) AssAssine2608: my one 2
(05:49 / All) AssAssine2608: burrowrush...
(07:06 / Allies) miguelitito: neeed catapults
(07:09 / All) 4k.Grubby9: LOOK THIS IDIOT
(11:36 / All) miguelitito: borrow rush and shadow hunter so noob ah
(11:41 / All) AssAssine2608: yes
(12:53 / All) 4k.Grubby9: GG
(13:06 / All) AssAssine2608: gruby was killed with towerrush ;D
(13:08 / All) AssAssine2608: ironic
(14:44 / Allies) AssAssine2608: fairy here
(15:30 / All) AssAssine2608: ty human noob